 Dungeon Crawl Stone Soup version 0.31.0-9-g3a7656b989 (console) character file.

Game seed: 5449943375958438299

5369 Colgate the Fighter (level 10, -3/87 HPs)
             Began as a Minotaur Chaos Knight on Jan 24, 2024.
             Was a Follower of Hepliaklqana.
             Slain by an orc warrior
             ... wielding a +0 glaive
              (9 damage)
             ... in a bailey.
             The game lasted 00:15:15 (7915 turns).

Colgate the Fighter (Minotaur Chaos Knight)         Turns: 7915, Time: 00:15:16

Health: -3/87      AC: 21    Str: 27    XL:     10   Next: 39%
Magic:  9/9        EV:  8    Int:  8    God:    Hepliaklqana [*.....]
Gold:   141        SH:  5    Dex: 13    Spells: 9/9 levels left

rFire   . . .        x - +4 hand axe
rCold   . . .        (no shield)
rNeg    . . .        B - +0 plate armour
rPois   .            i - +2 hat
rElec   .            (no cloak)
rCorr   .            n - +1 pair of gloves
SInv    .            A - +0 pair of boots
Will    .....        C - amulet of reflection Stlth
                     p - +6 ring of strength
HPRegen 0.34/turn    (no ring)
MPRegen 0.11/turn

%: reflection
@: no status effects
A: reduced essence, horns 2, retaliatory headbutt, fangs 1, agile 1, devolution
2
a: Renounce Religion, Recall Ancestor, Ancestor Identity


You were in a bailey.
You worshipped Hepliaklqana.
Hepliaklqana was aware of your devotion.
You visited 1 branch of the dungeon, and saw 7 of its levels.
You also visited: Sewer and Bailey.

You collected 452 gold pieces.
You spent 311 gold pieces at shops.

Inventory:

Hand Weapons
 a - a +0 hand axe of chaos
 x - a +4 hand axe (weapon)
Missiles
 g - 2 throwing nets {!f}
 v - a curare-tipped dart (quivered)
Armour
 i - a +2 hat (worn)
 n - a +1 pair of gloves (worn)
 A - a +0 pair of boots (worn)
 B - a +0 plate armour (worn)
Jewellery
 p - a +6 ring of strength (left hand)
 C - an amulet of reflection (around neck)
Wands
 y - a wand of polymorph (10)
Scrolls
 c - a scroll of butterflies
 d - 4 scrolls of teleportation {@r3}
 f - 2 scrolls of noise
 h - 2 scrolls of revelation
 l - 3 scrolls of poison
 w - 6 scrolls of blinking {@r4}
 D - a scroll of silence
 F - 2 scrolls of fear
Potions
 b - 2 potions of brilliance {unknown}
 e - a potion of heal wounds {@q2}
 j - a potion of berserk rage
 k - 2 potions of magic
 m - 3 potions of curing {@q1}
 o - a potion of attraction
 q - 5 potions of haste {@q4}
 r - 2 potions of resistance {unknown}
 s - 2 potions of cancellation
 t - 3 potions of might {unknown}
 u - 2 potions of invisibility
 E - a potion of ambrosia {unknown}
 G - 3 potions of enlightenment {unknown}
 I - 3 potions of lignification {unknown}


   Skills:
 + Level 12.2 Fighting
 + Level 12.1 Axes
 + Level 11.8 Armour
 - Level 1.1 Dodging


You had 9 spell levels left.
You didn't know any spells.
Your spell library contained the following spells:

 Spells                   Type           Power      Damage    Failure   Level
 Cigotuvi's Dreadful Rot  Necr/Alch/Air  0%         N/A       99%         2
 Ensorcelled Hibernation  Hex/Ice        0%         N/A       99%         2
 Fugue of the Fallen      Necr           0%         N/A       100%        3
 Ozocubu's Armour         Ice            0%         N/A       100%        3
 Passwall                 Erth           0%         N/A       100%        3
 Swiftness                Air            0%         N/A       100%        3
 Dispel Undead            Necr           0%         3d6       100%        4
 Manifold Assault         Tloc           0%         N/A       100%        4
 Martyr's Knell           Necr/Summ      0%         N/A       100%        4
 Death Channel            Necr           0%         N/A       100%        6
 Dispersal                Tloc           0%         N/A       100%        6
 Disjunction              Tloc           0%         N/A       100%        8
 Chain Lightning          Conj/Air       0%         N/A       100%        9
 Fire Storm               Conj/Fire      0%         5d1       100%        9
 Shatter                  Erth           0%         3d5*      100%        9


Dungeon Overview and Level Annotations

Branches:
Dungeon (7/15)             Temple (0/1) D:7           Sewer (visited)
 Bailey (1/1)

Altars:
Hepliaklqana

Shops:
D:3 ?!   D:5 *


Innate Abilities, Weirdness & Mutations

Your life essence is reduced to manifest your ancestor. (-10% HP)
You have a pair of horns on your head.
You reflexively headbutt those who attack you in melee.
You have very sharp teeth.
You are agile. (Dex +4, Str/Int -1)
You have terrible hidden genetic defects.


Message History

The orc warrior hits you from afar with a +0 spear.
The orc closely misses you.
You slash the orc knight! Your headbutt misses the orc knight.
You barely miss the orc knight.
Hrodulf barely misses the orc warrior.
The orc knight barely misses you. The orc hits you but does no damage.
The orc knight roars a battlecry!
The orc warrior goes into a battle-frenzy!
The orc warrior hits you from afar with a +3 halberd.
The orc warrior closely misses you.
An orc knight comes into view. It is wielding a +0 glaive.
The orc warrior hits you but does no damage.
The orc barely misses you.
You slash the orc knight! Your headbutt misses the orc knight.
You hit the orc knight.
Hrodulf misses the orc warrior.
You slash the orc knight! Your headbutt misses the orc knight.
You hit the orc knight but do no damage.
The orc hits you but does no damage.
The orc knight hits you with a +0 glaive!
* * * LOW HITPOINT WARNING * * *
The orc knight roars a battlecry!
The orc knight goes into a battle-frenzy!
The orc warrior closely misses you.
The orc warrior hits you but does no damage.
The orc warrior hits you from afar with a +0 spear.
* * * LOW HITPOINT WARNING * * *
The orc hits you but does no damage.
You feel much better.
Hrodulf misses the orc warrior.
The orc knight barely misses you. You furiously retaliate!
You headbutt the orc knight, but do no damage.
You block the orc's attack.
The orc knight hits you with a +0 halberd!
* * * LOW HITPOINT WARNING * * *
The orc warrior hits you from afar with a +3 halberd!
* * * LOW HITPOINT WARNING * * *
The orc warrior barely misses you.
The orc warrior hits you from afar with a +0 spear.
* * * LOW HITPOINT WARNING * * *
The orc barely misses you.
You feel much better.
Hrodulf hits the orc warrior.
You block the orc knight's attack. The orc hits you but does no damage.
The orc knight hits you with a +0 halberd!!
* * * LOW HITPOINT WARNING * * *
The orc warrior closely misses you.
The orc warrior hits you from afar with a +0 glaive!
You die...

##'''##
#.....#
#.....#
#.....#
#.....#
#.....#
##'''##
##.....##
#....o..#
#..#o#o.#
#..Ro.@o#
#...o...#
#.....o.#
##.....##
#''''o#
#o....#
.......
#.......


You could see the friendly Hrodulf the ancestor, 3 orc knights, 4 orc warriors
and 2 orcs.

Vanquished Creatures
  Pikel (D:5)
  Grinder (D:4)
  Menkaure (D:6)
  Duvessa (D:6)
  2 ice beasts
  An orc warrior (Bailey)
  A black bear (D:5)
  A sky beast (D:7)
  2 ogres
  2 lemures (D:5)
  A kobold brigand (Sewer)
  Blork the orc (D:4)
  A gnoll sergeant (D:7)
  2 scorpions (D:4)
  Dowan (D:6)
  2 howler monkeys
  2 hounds
  2 jellies
  An orc priest (D:3)
  2 iguanas (D:5)
  4 orc wizards
  7 gnolls
  8 river rats
  9 adders
  A shadow imp (D:5)
  3 white imps
  5 ribbon worms
  2 dart slugs
  25 orcs
  5 ball pythons
  5 endoplasms
  3 giant cockroaches
  9 goblins
  9 hobgoblins
  A jackal (D:3)
  5 quokkas
  6 bats
  2 frilled lizards (Sewer)
  23 kobolds
  28 rats
188 creatures vanquished.

Vanquished Creatures (collateral kills)
  An orc warrior (Bailey)
  3 orcs (Bailey)
4 creatures vanquished.

Grand Total: 192 creatures vanquished

Notes
Turn   | Place    | Note
-------+----------+-------------------------------------------
     0 | D:1      | Colgate the Minotaur Chaos Knight began the quest for the
                  | Orb.
     0 | D:1      | Reached XP level 1. HP: 19/19 MP: 0/0
     1 | D:1      | XOM: divination: detect items
    37 | D:1      | XOM: silly message
    92 | D:1      | XOM: enchant monster (bad)
   171 | D:1      | Reached XP level 2. HP: 27/27 MP: 1/1
   260 | D:1      | XOM: cloud trail
   350 | D:1      | XOM: cast spell 'Iskenderun's Battlesphere'
   840 | D:1      | XOM: god gift: sling {god gift}
   938 | D:1      | XOM: god gift: 45 gold pieces
  1109 | D:2      | Reached XP level 3. HP: 31/33 MP: 2/2
  1584 | D:2      | Reached XP level 4. HP: 41/41 MP: 3/3
  1730 | D:2      | XOM: summons 3 hostile demons
  1953 | D:2      | XOM: cloud trail
  1993 | D:2      | XOM: scenery: 3 doors open
  2584 | D:3      | XOM: chaos upgrade
  2587 | D:3      | XOM: polymorph orc -> jackal
  2592 | D:3      | XOM: divination: detect items
  2596 | D:3      | Reached skill level 5 in Fighting
  2596 | D:3      | Reached skill level 5 in Axes
  2596 | D:3      | Reached XP level 5. HP: 11/48 MP: 4/4
  2751 | D:3      | Found a glowing drain.
  2770 | Sewer    | Entered a sewer
  2827 | Sewer    | XOM: scenery: summon butterflies
  3000 | Sewer    | XOM: cloud trail
  3214 | Sewer    | XOM: give mutations
  3214 | Sewer    | Gained mutation: You have hidden genetic potential. [Xom's
                  | grace]
  3214 | Sewer    | Gained mutation: You passively map a small area around you.
                  | [Xom's grace]
  3214 | Sewer    | Gained mutation: You have large cloven feet. [Xom's grace]
  3240 | Sewer    | Reached XP level 6. HP: 52/56 MP: 5/5
  3366 | Sewer    | Reached skill level 5 in Armour
  3459 | D:3      | Found Foipur's Magic Scroll Shop.
  3465 | D:3      | Bought a scroll of blinking for 97 gold pieces
  3465 | D:3      | Bought a scroll of identify for 26 gold pieces
  3465 | D:3      | Bought a scroll of identify for 26 gold pieces
  3492 | D:3      | Found Setures's Distillery.
  3601 | D:3      | XOM: god gift: scale mail {god gift}
  4083 | D:4      | Gained mutation: You are partially covered in iridescent
                  | scales. (AC +2) [hidden potential]
  4189 | D:4      | XOM: polymorph endoplasm -> howler monkey
  4207 | D:4      | Reached XP level 7. HP: 64/64 MP: 6/6
  4307 | D:4      | XOM: silly message
  4559 | D:4      | XOM: summons 4 hostile shadow creatures
  4759 | D:4      | XOM: summons 1 hostile shadow creature
  4796 | D:4      | XOM: torment (33/64 hp)
  4987 | D:4      | Noticed Grinder
  4992 | D:4      | XOM: confusion
  4998 | D:4      | Paralysed by Grinder for 3 turns
  5009 | D:4      | XOM: enchant monster (bad)
  5013 | D:4      | Killed Grinder
  5015 | D:4      | Gained mutation: You have very sharp teeth. [hidden
                  | potential]
  5015 | D:4      | Lost mutation: You have hidden genetic potential. [hidden
                  | potential expressed]
  5103 | D:4      | Noticed Blork the orc
  5110 | D:4      | XOM: noise
  5112 | D:4      | Killed Blork the orc
  5340 | D:5      | Entered Level 5 of the Dungeon
  5370 | D:5      | Noticed Pikel
  5383 | D:5      | XOM: smoke on damage
  5399 | D:5      | XOM: 2-stop teleportation journey
  5719 | D:5      | XOM: confusion
  5723 | D:5      | XOM: chaos cloud
  5729 | D:5      | XOM: confuse monster(s)
  5735 | D:5      | Reached XP level 8. HP: 52/73 MP: 7/7
  6009 | D:5      | XOM: god gift: +2 barding of stealth
  6020 | D:5      | XOM: fake destruction
  6034 | D:5      | XOM: silly message
  6120 | D:5      | Killed Pikel
  6442 | D:5      | Found Jurphe Cyumm's Assorted Antiques.
  6451 | D:5      | Bought a bubbling grey potion for 26 gold pieces
  6451 | D:5      | Bought 2 lumpy golden potions for 52 gold pieces
  6451 | D:5      | Bought a bubbling grey potion for 26 gold pieces
  6451 | D:5      | Bought a scroll of identify for 58 gold pieces
  6502 | D:6      | Found a hazy altar of Hepliaklqana.
  6507 | D:6      | Fell from the grace of Xom
  6507 | D:6      | Became a worshipper of Hepliaklqana the Forgotten
  6541 | D:6      | Noticed Dowan
  6542 | D:6      | Noticed Duvessa
  6555 | D:6      | Killed Duvessa
  6565 | D:6      | Killed Dowan
  7019 | D:6      | XOM: 3-stop teleportation journey
  7195 | D:6      | Noticed Menkaure
  7201 | D:6      | Killed Menkaure
  7202 | D:6      | Reached XP level 9. HP: 68/83 MP: 8/8
  7556 | D:6      | XOM: give mutations
  7556 | D:6      | Gained mutation: You have hidden genetic defects. [Xom's
                  | mischief]
  7556 | D:6      | Gained mutation: Your muscles are strong. (Str +4, Int/Dex
                  | -1) [Xom's mischief]
  7556 | D:6      | Lost mutation: You are partially covered in iridescent
                  | scales. (AC +2) [Xom's mischief]
  7757 | D:7      | Reached * piety under Hepliaklqana
  7761 | D:7      | Found a flagged portal.
  7768 | Bailey   | Entered a bailey
  7807 | Bailey   | Gained mutation: Your magical capacity is low. (-10% MP)
                  | [hidden defects]
  7808 | Bailey   | Lost mutation: You passively map a small area around you.
                  | [potion of mutation]
  7808 | Bailey   | Lost mutation: Your muscles are strong. (Str +4, Int/Dex
                  | -1) [potion of mutation]
  7808 | Bailey   | Gained mutation: You are agile. (Dex +4, Str/Int -1)
                  | [potion of mutation]
  7809 | Bailey   | Lost mutation: You have large cloven feet. [potion of
                  | mutation]
  7809 | Bailey   | Lost mutation: Your magical capacity is low. (-10% MP)
                  | [potion of mutation]
  7809 | Bailey   | Gained mutation: You have terrible hidden genetic defects.
                  | [potion of mutation]
  7809 | Bailey   | Gained mutation: Your muscles are strong. (Str +4, Int/Dex
                  | -1) [potion of mutation]
  7819 | Bailey   | XOM: give mutation
  7819 | Bailey   | Lost mutation: Your muscles are strong. (Str +4, Int/Dex
                  | -1) [Xom's mischief]
  7895 | Bailey   | Reached XP level 10. HP: 87/87 MP: 9/9
  7897 | Bailey   | Noticed an orc knight
  7901 | Bailey   | Noticed an orc knight
  7911 | Bailey   | Noticed an orc knight
  7915 | Bailey   | Slain by an orc warrior

Illustrated notes

Levels and vault maps discovered:
D:1:      spicycebolla_arrival_ecumenical, layout_basic, patterned_corridor
D:2:      layout_loops_corners
D:3:      layout_basic, portal_sewer_entry_b, serial_shops, shop,
          nicolae_shop_industrial_runoff
D:4:      layout_loops_cross, minmay_door_square, nicolae_zen_rock_garden,
          minmay_misc_feat_secret_circle, minmay_liquid_box,
          chequers_serial_rivers_room_b, uniq_grinder, uniq_blork_the_orc
D:5:      layout_loops_ring, serial_shops, nicolae_shop_just_a_little_nook,
          uniq_pikel
D:6:      layout_layer_cave, nzn_hepliaklqana_mist_gate, uniq_menkaure,
          uniq_duvessa
D:7:      layout_gridville, temple_doors_ab, enter_bailey_3,
          grunt_ministairs_13, uniq_maurice, uniq_crazy_yiuf_cottage
Bailey:   bailey_polearm_5, bailey

Skill      XL: |  1  2  3  4  5  6  7  8  9 |
---------------+----------------------------+-----
Axes           | 4 5 6 7 8 12 | 12.1
Fighting       | 4 5 6 7 9 12 | 12.2
Armour         | 3 4 5 6 8 11 | 11.8
Dodging        | |  1.1

Action                     |  1- 3 |  4- 6 |  7- 9 | 10-12 || total
---------------------------+-------+-------+-------+-------++-------
  Melee: Hand axe          |    81 |   154 |   250 |    12 ||   497
         Headbutt          |    11 |    21 |    44 |     3 ||    79
         Punch             |       |     3 |     1 |       ||     4
         Kick              |       |    13 |    13 |       ||    26
         Bite              |       |       |    17 |     2 ||    19
    Use: Scroll            |     1 |    12 |     9 |       ||    22
         Potion            |       |       |     4 |     2 ||     6
   Stab: Distracted        |       |     1 |       |       ||     1
         Confused          |       |       |     2 |       ||     2
 Armour: Leather armour    |    45 |    20 |       |       ||    65
         Ring mail         |       |    75 |       |       ||    75
         Scale mail        |       |    23 |    28 |       ||    51
         Plate armour      |       |       |   173 |    29 ||   202
  Dodge: Dodged            |    44 |    91 |   113 |    17 ||   265
  Block: Other             |       |       |    23 |     5 ||    28
